 Dungeon Crawl Stone Soup version 0.22-a0-448-g1fb7470 (webtiles) character file.

96 iamserjio the Sneak (level 4, 0/45 HPs)
             Began as an Octopode Assassin on June 4, 2018.
             Succumbed to an adder's poison
             ... on level 4 of the Dungeon.
             The game lasted 00:02:46 (1623 turns).

iamserjio the Sneak (Octopode Assassin)             Turns: 1623, Time: 00:02:47

Health: 0/45       AC: 22    Str: 10    XL:     4   Next: 67%
Magic:  4/4        EV:  2    Int: 13    God:
Gold:   113        SH:  0    Dex: 14    Spells: 3/3 levels left

rFire    . . .     SeeInvis .   a - +2 dagger
rCold    . . .     Gourm    .   (no shield)
rNeg     + + +     Faith    .   (helmet currently unavailable)
rPois    +         Spirit   .   (no amulet)
rElec    .         Reflect  .   (no ring)
rCorr    .         Harm     .   (no ring)
MR       .....     NoTele   +   (no ring)
Stlth    +++.......             (no ring)
HPRegen  0.15/turn              (no ring)
MPRegen  0.09/turn              (no ring)
                                (no ring)
                                (no ring)

@: lethally poisoned (0 -> -4), tree-form
A: almost no armour, stealthy swim, (amphibious), 8 rings, (constrict 8)
a: no special abilities


You were on level 4 of the Dungeon.
You were not hungry.
You were a tree.
You visited 1 branch of the dungeon, and saw 4 of its levels.

You collected 113 gold pieces.

Inventory:

Hand Weapons
 a - a +2 dagger (weapon)
 b - a +0 blowgun
 e - a cursed -3 dagger
Missiles
 c - 8 poisoned needles
 d - 2 curare-tipped needles
 h - 96 stones (quivered)
Jewellery
 o - an uncursed ring of ice {unknown}
 p - an uncursed amulet of the gourmand {unknown}
 q - an uncursed amulet of magic regeneration {unknown}
Wands
 k - a wand of digging (19)
Scrolls
 g - 4 scrolls of teleportation {unknown}
 i - a scroll of enchant armour {unknown}
 j - 4 scrolls of identify {unknown}
 r - a scroll of magic mapping {unknown}
 t - a scroll of noise {unknown}
Potions
 m - a potion of curing {unknown}
 n - a potion of heal wounds {unknown}
 s - a potion of berserk rage {unknown}
Comestibles
 f - 3 rations


   Skills:
 + Level 2.5 Fighting
 * Level 3.1 Short Blades
 - Level 2.0 Throwing
 * Level 2.6 Dodging
 + Level 5.8 Stealth


You had 3 spell levels left.
You didn't know any spells.
Your spell library contained the following spells:

 Spells                   Type           Power        Failure   Level  Hunger
 Confuse                  Hex            #.......     67%         3    ####...
 Confusing Touch          Hex            #.....       30%         1    ##.....
 Metabolic Englaciation   Hex/Ice        #.........   100%        5    ######.
 Petrify                  Tmut/Erth      #.......     97%         4    #####..
 Gell's Gravitas          Tloc           #.........   67%         3    ####...
 Yara's Violent Unravell  Hex/Tmut       #.........   100%        5    ######.


Dungeon Overview and Level Annotations

Branches:
Dungeon (4/15)
 Temple: D:4-7

Altars:


Innate Abilities, Weirdness & Mutations

You cannot wear most types of armour.
You are very stealthy in the water. (Stealth+)
((You are amphibious.))
You can wear up to eight rings at the same time.
((You can use your tentacles to constrict eight enemies at once.))
((Your skin changes colour to match your surroundings (Stealth+).))
((Your rubbery body absorbs attacks. (AC +1, EV +1)))


Message History

You hit the worm. You grab the worm.
The worm is moderately wounded.
You constrict the worm. The worm bites you!
* * * LOW HITPOINT WARNING * * *
You are too injured to fight recklessly!
You release your grip on the worm.
You miss the adder. You grab the adder. You constrict the adder.
The adder bites you.
* * * LOW HITPOINT WARNING * * *
The adder bites you.
* * * LOW HITPOINT WARNING * * *
You hit the adder.
The adder is heavily wounded.
You constrict the adder. The adder bites you.
* * * LOW HITPOINT WARNING * * *
You are lethally poisoned!
The adder poisons you!
It was a potion of lignification.
You turn into a tree.
Your roots penetrate the ground.
You lose your grip on the adder.
You die...

....## ### #
.....# # ...#.
.#...# .# #.#.##.
...##.# #.....#
......##
###)..#.###......#
.........w.......#
#......)♣S...#
###..##<####.# ...
#.# .# # ..# ..
#### ... ...# .###
.#


You could see a worm and an adder.

Vanquished Creatures
  Natasha (D:3)
  A gnoll (D:4)
  2 adders
  2 oozes
  3 dart slugs
  A leopard gecko (D:2)
  A ball python (D:1)
  8 bats
  4 goblins
  3 hobgoblins
  4 kobolds
  3 rats
33 creatures vanquished.

Notes
Turn   | Place    | Note
-------+----------+-------------------------------------------
     0 | D:1      | iamserjio the Octopode Assassin began the quest for the Orb.
     0 | D:1      | Reached XP level 1. HP: 14/14 MP: 1/1
    61 | D:1      | Reached XP level 2. HP: 12/19 MP: 2/2
   978 | D:2      | Reached XP level 3. HP: 24/24 MP: 3/3
  1488 | D:3      | Reached XP level 4. HP: 22/30 MP: 4/4
  1539 | D:3      | Noticed Natasha
  1546 | D:3      | Killed Natasha
  1622 | D:4      | HP: 1/30 [adder (3)]
  1623 | D:4      | Succumbed to an adder's poison

Vault maps used:
D:1:      onia_arrival_pyramid
D:3:      kennysheep_generic_room_11, uniq_natasha, uniq_robin
D:4:      serial_glass, glass_columns_a, glass_columns_a

Skill      XL: |  1  2  3  4 |
---------------+-------------+-----
Dodging        | 2 |  2.6
Short Blades   | 3 |  3.1
Fighting       | |  2.5
Throwing       | |  2.0
Stealth        | |  5.8

Action                   |  1- 3 |  4- 6 || total
-------------------------+-------+-------++-------
Melee: Dagger            |    55 |    11 ||    66
       Tentacles         |    13 |     1 ||    14
       Constrict         |    11 |     4 ||    15
  Use: Potion            |       |     1 ||     1
 Stab: Sleeping          |    12 |     1 ||    13
  Eat: Chunk             |     2 |       ||     2
Armor: Skin              |     4 |       ||     4
Dodge: Dodged            |    16 |     4 ||    20

Table legend:
 A = Spawn XP
 B = Non-spawn XP
 C = Spawn XP percentage of total XP
 D = Spawn monster count
 E = Non-spawn monster count
 F = Spawn count percentage of total count
 G = Total turns spent on level
                    A         B        C        D         E        F      G
               +---------+---------+-------+---------+---------+-------+---------
         Total |       0 |     138 |   0.0 |       0 |      33 |   0.0 |  1623
               +---------+---------+-------+---------+---------+-------+---------
           D:1 |       0 |      29 |   0.0 |       0 |      14 |   0.0 |   913
           D:2 |       0 |      45 |   0.0 |       0 |      15 |   0.0 |   565
           D:3 |       0 |      50 |   0.0 |       0 |       3 |   0.0 |   112
           D:4 |       0 |      14 |   0.0 |       0 |       1 |   0.0 |    33
               +---------+---------+-------+---------+---------+-------+---------
